 Dungeon Crawl Stone Soup version 0.25-a0-413-g3b4b6a4 (webtiles) character file.

Game seed: 8981234192619406227, levelgen mode: deterministic

189897 snetch the Warrior (level 17, 0/170 HPs)
             Began as a Minotaur Berserker on Jan 11, 2020.
             Was an Elder of Trog.
             Slain by a wolf spider (19 damage)
             ... on level 4 of the Spider Nest on Jan 14, 2020.
             The game lasted 02:30:39 (29965 turns).

snetch the Warrior (Minotaur Berserker)            Turns: 29965, Time: 02:30:40

Health: 0/170      AC: 23    Str: 30      XL:     17   Next: 52%
Magic:  20/20      EV: 17    Int:  3 (4)  God:    Trog [****..]
Gold:   1913       SH:  0    Dex:  9      Spells: 16/16 levels left

rFire    + . .     SeeInvis .   a - +4 battleaxe "Opteg" {flame, rF+}
rCold    . . .     Gourm    +   (shield currently unavailable)
rNeg     . . .     Faith    .   Y - +5 ring mail of the Lonely Ships {rElec}
rPois    +         Spirit   .   I - +0 hat
rElec    +         Reflect  .   V - +2 cloak {MR+}
rCorr    .         Harm     .   R - +0 pair of gloves
MR       ++++.                  (no boots)
Stlth    +++.......             v - amulet of the gourmand
HPRegen  1.38/turn              G - ring of poison resistance
MPRegen  0.17/turn              D - +5 ring of protection

@: very slightly contaminated, regenerating, hasted, very quick
A: retaliatory headbutt, horns 2
}: 1/15 runes: decaying
a: Berserk, Trog's Hand, Brothers in Arms, Renounce Religion


You were on level 4 of the Spider Nest.
You worshipped Trog.
Trog was greatly pleased with you.
You were not hungry.

You visited 5 branches of the dungeon, and saw 30 of its levels.

You collected 2159 gold pieces.
You spent 246 gold pieces at shops.

Inventory:

Hand Weapons
 a - the +4 battleaxe "Opteg" (weapon) {flame, rF+}
   (Trog gifted it to you on level 10 of the Dungeon)

   It has been specially enchanted to burn those struck by it, causing extra
   injury to most foes and up to half again as much damage against particularly
   susceptible opponents.
   Big, fiery blades are also staple armaments of hydra-hunters.
   It protects you from fire.
 b - the +5 halberd "Meclinuo" {chop, rC+ Str+3}
   (Trog gifted it to you on level 3 of the Swamp)

   It inflicts extra damage upon your enemies.
   It affects your strength (+3).
   It protects you from cold.
Missiles
 p - 145 poisoned darts (quivered)
 w - 6 curare-tipped darts
 F - 5 silver javelins
 M - 8 javelins
 O - 12 boomerangs
Armour
 I - a +0 hat (worn)
 R - a +0 pair of gloves (worn)
 V - a +2 cloak of magic resistance (worn)
 Y - the +5 ring mail of the Lonely Ships (worn) {rElec}
   (You found it on level 1 of the Lair of Beasts)

   It insulates you from electricity.
Jewellery
 v - an amulet of the gourmand (around neck)
 y - an uncursed ring of resist corrosion
 D - a +5 ring of protection (right hand)
 G - a ring of poison resistance (left hand)
Wands
 e - a wand of random effects (35)
 g - a wand of acid (10)
 i - a wand of polymorph (9)
 q - a wand of iceblast (7)
 t - a wand of paralysis (29)
 H - a wand of digging (19)
 N - a wand of flame (38)
 S - a wand of scattershot (13)
 W - a wand of disintegration (5)
Scrolls
 c - a scroll of torment
 h - 7 scrolls of fog
 s - 4 scrolls of blinking
 u - 11 scrolls of teleportation
 x - 2 scrolls of acquirement
 E - 5 scrolls of fear
 L - a scroll of brand weapon
 P - a scroll of silence
 T - a scroll of vulnerability
 U - a scroll of summoning
 X - 4 scrolls of immolation
 Z - 3 scrolls of magic mapping
Potions
 f - 2 potions of cancellation
 j - a potion of invisibility
 l - 8 potions of curing
 m - a potion of heal wounds
 n - 5 potions of brilliance
 o - 3 potions of lignification
 z - 2 potions of ambrosia
 A - 5 potions of haste
 B - a potion of resistance
 J - 3 potions of mutation
 K - a potion of flight
 Q - 3 potions of agility
Miscellaneous
 d - a fan of gales
 k - a lightning rod (4/4)
Comestibles
 r - 63 rations


   Skills:
 + Level 20.1 Fighting
 - Level 20.0(20.1) Axes
 + Level 4.7(14.2) Polearms
 + Level 14.5 Armour
 + Level 12.2 Dodging
 + Level 8.3 Stealth
 + Level 6.2 Evocations


You had 16 spell levels left.
You didn't know any spells.
Your spell library contained the following spells:

 Spells                   Type           Power        Failure   Level  Hunger
 Beastly Appendage        Tmut           #.....       61%         1    ##.....
 Corona                   Hex            #......      61%         1    ##.....
 Shock                    Conj/Air       #...         61%         1    ##.....
 Ensorcelled Hibernation  Hex/Ice        #.....       75%         2    ###....
 Passwall                 Tmut/Erth      #.......     75%         2    ###....
 Sticks to Snakes         Tmut           #.......     75%         2    ###....
 Swiftness                Chrm/Air       #.......     75%         2    ###....
 Confusing Touch          Hex            #.......     93%         3    ####...
 Dazzling Flash           Conj/Hex       #.....       93%         3    ####...
 Gell's Gravitas          Tloc           #.........   93%         3    ####...
 Lesser Beckoning         Tloc           #.........   93%         3    ####...
 Mephitic Cloud           Conj/Pois/Air  #.......     93%         3    ####...
 Recall                   Summ/Tloc      N/A          93%         3    ####...
 Spider Form              Tmut/Pois      #.........   93%         3    ####...
 Static Discharge         Conj/Air       #.......     93%         3    ####...
 Teleport Other           Tloc           #.......     93%         3    ####...
 Tukima's Dance           Hex            #.......     93%         3    ####...
 Airstrike                Air            #.........   100%        4    #####..
 Ice Form                 Ice/Tmut       #.......     100%        4    #####..
 Passage of Golubria      Tloc           N/A          100%        4    #####..
 Petrify                  Tmut/Erth      #.......     100%        4    #####..
 Alistair's Intoxication  Tmut/Pois      #.......     100%        5    ######.
 Aura of Abjuration       Summ           #.........   100%        5    ######.
 Blade Hands              Tmut           #.........   100%        5    ######.
 Lee's Rapid Deconstruct  Erth           #.........   100%        5    ######.
 Lightning Bolt           Conj/Air       #.........   100%        5    ######.
 Metabolic Englaciation   Hex/Ice        #.........   100%        5    ######.
 Summon Demon             Summ           #.........   100%        5    ######.
 Summon Forest            Summ/Tloc      #.........   100%        5    ######.
 Summon Mana Viper        Hex/Summ       #.......     100%        5    ######.
 Yara's Violent Unravell  Hex/Tmut       #.........   100%        5    ######.
 Conjure Ball Lightning   Conj/Air       #.........   100%        6    #######
 Darkness                 Hex            #.........   100%        6    #######
 Invisibility             Hex            #.......     100%        6    #######
 Shadow Creatures         Summ           N/A          100%        6    #######
 Statue Form              Tmut/Erth      #........    100%        6    #######


Dungeon Overview and Level Annotations

Branches:
Dungeon (15/15) Temple (1/1) D:7 Lair (6/6) D:10 Swamp (4/4) Lair:4 Spider (4/4) Lair:2 Slime (0/5) Lair:6 Orc (0/2) D:12 Vaults (0/5) D:13 D:14 Depths (0/5) D:15

Altars:
Ashenzari
Cheibriados
Dithmenos
Elyvilon
Fedhas
Gozag
Hepliaklqana
Kikubaaqudgha
Makhleb
Nemelex Xobeh
Okawaru
Qazlal
Ru
Sif Muna
Trog
Uskayaw
Vehumet
Wu Jian
Xom
Yredelemnul
Zin
The Shining One

Shops:
D:4 (   D:11 [   D:13 *

Annotations:
Spider:4 Mara


Innate Abilities, Weirdness & Mutations

You reflexively headbutt those who attack you in melee.
You have a pair of horns on your head.


Message History

The orb spider hisses angrily.
The redback bites you!
* * * LOW HITPOINT WARNING * * *
You hit the redback. You burn the redback.
The redback is almost dead.
You slice the orb spider!! You burn the orb spider!
You hear an angry hiss.
The redback bites you!
* * * LOW HITPOINT WARNING * * *
You are poisoned.
The redback poisons you!
A jumping spider comes into view.
You barely miss the redback.
The redback is almost dead.
You feel sick. The redback bites you!
* * * LOW HITPOINT WARNING * * *
The orb spider pulsates with a strange energy.
Unknown command.
You feel better. The wolf spider hits you!!
You die...

#.# #.#
#.#
##.##
###s..#
##.#^.^+
#..ss..+
#.s@.+
#....#
#..s##
###.#
#.# #.#
#.#
...#.
#.#
.....^
## ..


You could see a wolf spider, 2 orb spiders, a jumping spider (wandering) and a
redback.

Vanquished Creatures
  Rupert (Lair:6)
  Kirke (Swamp:3)
  Donald (Spider:1)
  2 thorn hunters (Swamp:3)
  Roxanne (Swamp:2)
  The ghost of CanOfBees the Spear-Bearer, an adept TeSu of Okawaru (Swamp:3)
  A ghost moth (Spider:3)
  An emperor scorpion (Spider:2)
  A very ugly thing (Swamp:3)
  3 entropy weavers
  2 spark wasps (Spider:4)
  Erolcha (D:10)
  19 hydras
  An ogre mage (D:15)
  A ghost crab (Swamp:1)
  An anaconda (Swamp:3)
  A catoblepas (Lair:5)
  5 centaur warriors
  14 alligators
  A shambling mangrove (Swamp:1)
  A tengu warrior (D:13)
  15 two-headed ogres
  8 unseen horrors
  10 swamp dragons
  5 spriggan druids
  2 wizards
  A wolf spider zombie (D:15)
  An orc knight (D:13)
  8 orb spiders
  A moth of wrath (Spider:1)
  14 ugly things
  An orc sorcerer (D:15)
  2 deep elf magi
  18 wolf spiders
  2 manticores (D:15)
  3 cyclopes
  The ghost of zbzbzb the Changer, a novice OpTm (D:6)
  3 elephants (Lair:6)
  2 naga magi (D:15)
  Maurice (D:10)
  A torpor snail (Lair:6)
  8 black mambas
  6 orange demons (D:14)
  15 spiny frogs
  A gargoyle (D:13)
  8 komodo dragons
  An efreet (D:15)
  8 demonic crawlers
  3 rime drakes
  A tengu conjurer (D:14)
  3 red devils (D:14)
  A queen bee (D:10)
  2 trolls
  3 tyrant leeches
  2 meliai (D:13)
  22 jumping spiders
  5 polar bears (Lair:6)
  12 bog bodies
  10 hornets
  11 hippogriffs
  13 slime creatures
  14 blink frogs
  5 dream sheep (Lair:6)
  Sigmund (D:2)
  63 redbacks
  18 spriggans
  15 tarantellas
  2 wraiths
  36 yaks
  11 humans
  2 shadows
  A vampire (D:14)
  3 wyverns
  6 basilisks
  3 hogs (Swamp:3)
  Menkaure (D:4)
  3 hungry ghosts
  9 vampire mosquitoes
  A soldier ant (D:12)
  3 acid dragons
  24 swamp worms
  15 insubstantial wisps
  Duvessa (D:7)
  11 water moccasins
  8 porcupines
  14 swamp drakes
  5 orc warriors
  3 sky beasts
  2 hornet zombies
  2 black bears (Lair:6)
  4 ice beasts
  14 ogres
  3 necrophages
  5 boggarts (Lair:6)
  2 phantoms
  20 wolves
  12 centaurs
  11 crocodiles
  2 big kobolds
  Blork the orc (D:6)
  The ghost of goldenjuno the Sneak, an amateur SpAs (D:3)
  32 bullfrogs
  Dowan (D:7)
  7 scorpions
  A hornet simulacrum (D:14)
  27 killer bees
  6 wights
  4 howler monkeys
  6 electric eels
  10 crimson imps
  6 centaur zombies
  5 jellies
  3 centaur skeletons
  6 hounds
  2 orc priests
  4 bullfrog zombies
  A bullfrog skeleton (D:13)
  5 orc wizards
  13 worker ants
  5 iguanas
  A killer bee zombie (D:10)
  2 hound skeletons
  A howler monkey zombie (D:9)
  8 gnolls
  7 adders
  3 howler monkey skeletons
  4 shadow imps
  4 oozes
  2 adder skeletons
  3 worms (D:2)
  A dart slug (D:1)
  3 leopard geckos
  53 orcs
  2 ball pythons
  5 giant cockroaches
  6 goblins
  7 hobgoblins
  12 jackals
  4 quokkas
  5 bats
  6 frilled lizards
  11 kobolds
  A quokka skeleton (D:4)
  8 rats
  A bush (D:10)
  2 butterflies (Lair:4)
  10 fungi
  13 plants
980 creatures vanquished.

Vanquished Creatures (collateral kills)
  A hydra (Lair:6)
  A centaur warrior (D:14)
  A meliai (D:14)
  A hornet (Lair:6)
  A wyvern (D:14)
  3 spriggans (Lair:6)
  5 yaks (D:14)
  5 humans
  An orc warrior (D:14)
  2 wolves (Lair:6)
  An orc (D:14)
22 creatures vanquished.

Vanquished Creatures (others)
  A blink frog (Swamp:4)
  A spriggan (Swamp:4)
  4 briar patches (Swamp:3)
  2 bushes (D:10)
  16 fungi
  13 plants
  9 toadstools (Swamp:3)
46 creatures vanquished.

Grand Total: 1048 creatures vanquished

Notes
Turn   | Place    | Note
-------+----------+-------------------------------------------
     0 | D:1      | snetch the Minotaur Berserker began the quest for the Orb.
     0 | D:1      | Reached XP level 1. HP: 19/19 MP: 0/0
    96 | D:1      | Reached XP level 2. HP: 13/27 MP: 1/1
   422 | D:2      | Reached XP level 3. HP: 33/34 MP: 2/2
   742 | D:2      | Reached XP level 4. HP: 19/41 MP: 3/3
   805 | D:2      | Reached ** piety under Trog
  1124 | D:3      | Reached skill level 5 in Axes
  1198 | D:2      | Found a shattered altar of Ashenzari.
  1431 | D:2      | Reached XP level 5. HP: 44/47 MP: 4/4
  1443 | D:2      | Noticed Sigmund
  1460 | D:2      | Killed Sigmund
  1460 | D:2      | Reached skill level 5 in Fighting
  1460 | D:2      | Reached XP level 6. HP: 56/56 MP: 5/5
  1707 | D:3      | Found a shadowy altar of Dithmenos.
  2125 | D:3      | Found a faded altar of an unknown god.
  2178 | D:3      | Found a runed translucent gate.
  2178 | D:3      | Found a runed translucent gate.
  2178 | D:3      | Noticed a hungry ghost
  2179 | D:3      | Found a runed translucent gate.
  2181 | D:3      | Noticed goldenjuno's ghost (amateur SpAs)
  2227 | D:3      | Killed a hungry ghost
  2227 | D:3      | Reached skill level 1 in Stealth
  2234 | D:3      | Killed goldenjuno's ghost
  2234 | D:3      | Reached XP level 7. HP: 62/62 MP: 6/6
  2318 | D:5      | Entered Level 5 of the Dungeon
  2318 | D:5      | Noticed a wyvern
  2325 | D:5      | Killed a wyvern
  2436 | D:4      | Found a basalt altar of Yredelemnul.
  2440 | D:4      | Found a shimmering blue altar of Sif Muna.
  2445 | D:4      | Found a glowing golden altar of the Shining One.
  2561 | D:4      | Noticed Menkaure
  2571 | D:4      | Killed Menkaure
  2618 | D:4      | Found a sacrificial altar of Ru.
  2638 | D:4      | Found an ancient bone altar of Kikubaaqudgha.
  2730 | D:4      | Reached *** piety under Trog
  2730 | D:4      | Reached XP level 8. HP: 6/71 MP: 7/7
  3131 | D:4      | Found Oneogh's Weapon Emporium.
  3888 | D:6      | Noticed Blork the orc
  3893 | D:6      | Killed Blork the orc
  3893 | D:6      | Reached skill level 5 in Dodging
  4051 | D:7      | Reached skill level 10 in Axes
  4073 | D:6      | Upgraded the game from 0.25-a0-404-gc1b5a34 to
                  | 0.25-a0-410-g53dbb63
  4283 | D:6      | Found a runed translucent gate.
  4283 | D:6      | Found a runed translucent gate.
  4283 | D:6      | Found an opulent altar of Gozag.
  4283 | D:6      | Found a runed translucent gate.
  4286 | D:6      | Noticed zbzbzb's ghost (novice OpTm)
  4300 | D:6      | Reached XP level 9. HP: 79/79 MP: 8/8
  5218 | D:7      | Noticed Dowan
  5221 | D:7      | Noticed Duvessa
  5226 | D:7      | Killed Duvessa
  5229 | D:7      | Killed Dowan
  5290 | D:7      | Found a staircase to the Ecumenical Temple.
  5506 | D:6      | Killed zbzbzb's ghost
  5615 | Temple   | Entered the Ecumenical Temple
  5753 | D:8      | Noticed a two-headed ogre
  5761 | D:8      | Killed a two-headed ogre
  5761 | D:8      | Reached XP level 10. HP: 32/90 MP: 9/9
  6197 | D:8      | Reached **** piety under Trog
  6668 | D:9      | Reached skill level 5 in Stealth
  6706 | D:9      | Identified a scroll of acquirement
  6750 | D:9      | Noticed a two-headed ogre
  6757 | D:9      | Killed a two-headed ogre
  6882 | D:10     | Entered Level 10 of the Dungeon
  6903 | D:9      | Noticed a deep elf mage
  6912 | D:9      | Killed a deep elf mage
  7046 | D:9      | Found an ornate altar of the Wu Jian Council.
  7151 | D:9      | Found a burning altar of Makhleb.
  7152 | D:9      | Found a radiant altar of Vehumet.
  7742 | D:10     | Reached ***** piety under Trog
  7742 | D:10     | Received a gift from Trog
  7994 | D:10     | Reached skill level 5 in Armour
  8005 | D:10     | Reached XP level 11. HP: 94/98 MP: 10/10
  8048 | D:10     | Reached skill level 1 in Evocations
  8089 | D:10     | Noticed Erolcha
  8100 | D:10     | Killed Erolcha
  8100 | D:10     | Reached skill level 10 in Fighting
  8243 | D:10     | Got an ivory trident
  8250 | D:10     | Found a staircase to the Lair.
  8310 | D:10     | Identified the +5 trident of the Thing {speed, +Inv Str-2
                  | Int+8 Dex-2} (You found it on level 10 of the Dungeon)
  8359 | D:10     | Noticed Maurice
  8372 | D:10     | Reached skill level 15 in Axes
  8375 | D:10     | Killed Maurice
  8482 | D:10     | Received a gift from Trog
  8489 | D:10     | Got a crude battleaxe {god gift}
  8491 | D:10     | Identified the +4 battleaxe "Opteg" {flame, rF+} (Trog
                  | gifted it to you on level 10 of the Dungeon)
  8817 | D:11     | Noticed a brown ugly thing
  8827 | D:11     | Killed a brown ugly thing
  9003 | D:11     | Found Beddurue's Antique Armour Boutique.
  9176 | D:12     | Killed an unseen horror
  9200 | D:11     | Noticed a two-headed ogre
  9211 | D:11     | Killed a two-headed ogre
  9250 | D:11     | Reached XP level 12. HP: 97/109 MP: 12/12
  9900 | D:13     | Noticed a two-headed ogre
  9907 | D:13     | Killed a two-headed ogre
  9907 | D:13     | Received a gift from Trog
 10131 | D:12     | Found a staircase to the Orcish Mines.
 10328 | D:12     | Noticed a two-headed ogre
 10333 | D:12     | Killed a two-headed ogre
 10636 | D:13     | Noticed a two-headed ogre
 10642 | D:13     | Killed a two-headed ogre
 10847 | D:14     | Found a gate to the Vaults.
 10847 | D:14     | Noticed a centaur warrior
 10847 | D:14     | Noticed a two-headed ogre
 10847 | D:14     | Noticed a tengu warrior
 10861 | D:13     | HP: 4/168 [orc knight/+4 great mace (28)]
 10873 | D:13     | Killed a tengu warrior
 11063 | D:13     | Noticed a two-headed ogre
 11065 | D:13     | Killed a two-headed ogre
 11065 | D:13     | Reached XP level 13. HP: 73/118 MP: 14/14
 11499 | D:14     | Reached skill level 10 in Armour
 11722 | D:13     | Found Xakhiat's Island Escapes.
 11792 | D:13     | Bought a potion of haste for 120 gold pieces
 11792 | D:13     | Bought a scroll of blinking for 90 gold pieces
 11792 | D:13     | Bought a potion of flight for 36 gold pieces
 11831 | D:14     | Reached skill level 1 in Polearms
 12311 | D:15     | Entered Level 15 of the Dungeon
 12424 | D:14     | Received a gift from Trog
 12602 | D:14     | Reached XP level 14. HP: 37/130 MP: 15/15
 13806 | D:15     | Paralysed by an orc sorcerer for 7 turns
 13881 | D:15     | Found a staircase to the Depths.
 13966 | D:15     | Received a gift from Trog
 14640 | Lair:1   | Entered Level 1 of the Lair of Beasts
 14649 | Lair:1   | Got an ichor-stained ring mail
 14660 | Lair:1   | Identified the +5 ring mail of the Lonely Ships {rElec}
                  | (You found it on level 1 of the Lair of Beasts)
 15823 | Lair:2   | Found a hole to the Spider Nest.
 17308 | Lair:4   | Reached skill level 15 in Fighting
 17309 | Lair:4   | Found a staircase to the Swamp.
 17441 | Lair:4   | Got a smoking scale mail
 17447 | Lair:4   | Identified the +2 scale mail of the Harp {-Cast rF- rN+++
                  | Regen+} (You found it on level 4 of the Lair of Beasts)
 18518 | Lair:6   | Entered Level 6 of the Lair of Beasts
 18524 | Lair:6   | Found a staircase to the Slime Pits.
 18659 | Lair:5   | Reached XP level 15. HP: 116/141 MP: 17/17
 18662 | Lair:5   | Received a gift from Trog
 19514 | Lair:6   | Noticed Rupert
 19532 | Lair:6   | Killed Rupert
 20173 | Lair:6   | Received a gift from Trog
 20290 | Lair:6   | Got a blackened scimitar
 20291 | Lair:6   | Identified the +7 scimitar of the Sun {venom, rElec} (You
                  | found it on level 6 of the Lair of Beasts)
 20719 | Swamp:1  | Entered Level 1 of the Swamp
 20969 | Swamp:1  | Upgraded the game from 0.25-a0-410-g53dbb63 to
                  | 0.25-a0-413-g3b4b6a4
 21313 | Swamp:1  | Got a twitching lapis lazuli ring
 21317 | Swamp:1  | Lost intelligence.
 21317 | Swamp:1  | Identified the ring "Rofru" {rN+ Str+5 Int-4} (You found it
                  | on level 1 of the Swamp)
 21478 | Swamp:1  | Received a gift from Trog
 21508 | Swamp:2  | Identified Roxanne's Grimoire of Transmutation
 21508 | Swamp:2  | Noticed Roxanne
 21959 | Swamp:3  | Noticed a thorn hunter
 22587 | Swamp:2  | Killed Roxanne
 22587 | Swamp:2  | Reached skill level 5 in Evocations
 22587 | Swamp:2  | Reached XP level 16. HP: 139/156 MP: 18/18
 22782 | Swamp:3  | Found a large runed translucent door.
 22782 | Swamp:3  | Found a large runed translucent door.
 22783 | Swamp:3  | Noticed CanOfBees's ghost (adept TeSu)
 22804 | Swamp:3  | Killed CanOfBees's ghost
 22806 | Swamp:3  | Identified the Guide on the Birds
 22840 | Swamp:3  | Received a gift from Trog
 22960 | Swamp:3  | Noticed a thorn hunter
 22986 | Swamp:3  | Killed a thorn hunter
 22986 | Swamp:3  | Reached skill level 10 in Dodging
 22997 | Swamp:3  | Killed a thorn hunter
 23211 | Swamp:4  | Entered Level 4 of the Swamp
 23290 | Swamp:3  | Noticed Kirke
 23305 | Swamp:3  | Killed Kirke
 23493 | Swamp:3  | Got a brightly glowing halberd {god gift}
 23494 | Swamp:3  | Identified the +5 halberd "Meclinuo" {chop, rC+ Str+3}
                  | (Trog gifted it to you on level 3 of the Swamp)
 23802 | Swamp:4  | Received a gift from Trog
 24415 | Swamp:4  | Identified the Collected Works on Displacement
 24532 | Swamp:4  | Got a decaying rune of Zot
 25027 | Spider:1 | Entered Level 1 of the Spider Nest
 25350 | Spider:1 | Received a gift from Trog
 25635 | Spider:1 | You fall into a shaft and drop 1 floor!
 25665 | Spider:2 | Reached XP level 17. HP: 69/168 MP: 20/20
 25686 | Spider:2 | HP: 3/168 [disintegration (56)]
 26479 | Spider:1 | Noticed Donald
 26490 | Spider:1 | Killed Donald
 27667 | Spider:3 | Received a gift from Trog
 28310 | Spider:4 | Entered Level 4 of the Spider Nest
 29408 | Spider:4 | HP: 8/170 [spark wasp (5)]
 29933 | Spider:4 | Noticed Mara
 29943 | Spider:4 | Noticed snetch's illusion
 29949 | Spider:4 | HP: 8/170 [Mara (illusionary)/+4 demon trident of
                  | electrocution (4)]
 29965 | Spider:4 | Slain by a wolf spider

Levels and vault maps discovered:
D:1:      sevenhm_arrival_forest_fort_large_4, layout_basic
D:2:      layout_loops_ring, grunt_ashenzari_visionary
          [grunt_ashenzari_visionary_swamp, grunt_ashenzari_visionary_spider],
          uniq_sigmund
D:3:      layout_basic, grunt_dithmenos_smoke, gammafunk_ghost_split,
          chequers_ecumenical_altar_grove
D:4:      layout_loops_cross, nicolae_overflow_crystal_walls,
          nicolae_ru_sacrificial_ziggurat, minmay_overflow_temple_star_quad,
          serial_shops, nicolae_shop_statue_plus, first_ration, uniq_menkaure
D:5:      layout_basic
D:6:      layout_loops_cross, ebering_ghost_gozag, st_stairs_6,
          uniq_blork_the_orc
D:7:      layout_basic, minmay_temple_entry_wispy, uniq_duvessa
D:8:      layout_gridville
D:9:      layout_loops_corners, nicolae_overflow_hidden_temple,
          grunt_temple_overflow_lords_of_destruction, blue_anna_alchemist
          [blue_anna_fruit_fields, blue_anna_fruit_fields]
D:10:     layout_basic, minmay_lair_entry_grove, special_room
          [special_room_bee], st_stairs_10, minmay_misc_feat_enclosed,
          uniq_erolcha, uniq_maurice
D:11:     layout_irregular_city, serial_shops, kennysheep_mini_moat, minmay_puff
D:12:     layout_small_grid, orc_0_dummy, minivault_19
D:13:     layout_stronghold, chequers_jeans, chequers_hall_statues_wall_a,
          hangedman_decor_diamond_cutter, nicolae_island_escapes
D:14:     layout_roguey, david_vaults_3, portal_ice_cave_rime,
          nrook_mini_vaults, minmay_beelzebubs_servants
D:15:     grunt_enter_depths_magical_seal, layout_layer_cave, fungi_pond_lemuel
Temple:   dshaligram_water_room_temple
Lair:1:   layout_chaotic_city, disabler_island
Lair:2:   layout_gridlike, spider_nest_entry_a, grunt_megastairs_2
Lair:3:   layout_cave_pods, grunt_megastairs_4
Lair:4:   layout_cave_pods, nicolae_swamp_entry_splash_gauntlet,
          lemuel_fruit_fields
Lair:5:   layout_loops_ring
Lair:6:   minmay_lair_end_enchanted_forest, layout_layer_cave,
          nicolae_slime_entry_slimehenge, lemuel_fruit_tree, uniq_rupert
Swamp:1:  layout_basic_swamp, evilmike_swamp_ruin_rubble_1
Swamp:2:  layout_falls_marsh, hangedman_swamp_lotus, uniq_roxanne
Swamp:3:  cheibrodos_swamp_tower_of_moss, layout_basic_swamp,
          ebering_ghost_disaster_area, evilmike_swamp_ruin_house_5,
          nicolae_swamp_snake_nest, uniq_kirke
Swamp:4:  grunt_swamp_rune_castle, layout_basic_swamp
Spider:1: layout_chambers, uniq_donald
Spider:2: layout_spider_delve
Spider:3: layout_spider_delve
Spider:4: johnstein_spider_rune_arachne_lair, nicolae_spider_webbed_stairs,
          uniq_mara

Skill      XL: |  1  2  3  4  5  6  7  8  9 10 11 12 13 14 15 16 17 |
---------------+----------------------------------------------------+-----
Fighting       | 4 5 6 7 8 9 11 12 13 15 17 19 20 | 20.1
Axes           | 4 5 6 7 8 10 12 14 15 17 19 20 | 20.0
Dodging        | 3 4 5 6 7 8 9 11 12 | 12.2
Armour         | 3 4 5 7 9 11 12 13 14 | 14.5
Stealth        | 1 3 4 5 6 7 8 |  8.3
Evocations     | 1 3 4 5 6 |  6.2
Polearms       | 1 4 |  4.7

Action                   |  1- 3 |  4- 6 |  7- 9 | 10-12 | 13-15 | 16-18 || total
-------------------------+-------+-------+-------+-------+-------+-------++-------
Melee: Hand axe          |    52 |    94 |    35 |       |       |       ||   181
       Headbutt          |     7 |    14 |    34 |   120 |   170 |   123 ||   468
       War axe           |       |       |    49 |       |       |       ||    49
       Battleaxe         |       |       |    89 |   566 |   851 |   511 ||  2017
       Trident           |       |       |       |       |    25 |       ||    25
       Halberd           |       |       |       |       |       |    53 ||    53
Invok: Berserk           |     1 |     2 |     2 |     2 |     3 |       ||    10
       Trog's Hand       |       |     2 |     4 |     4 |     6 |    10 ||    26
       Brothers in Arms  |       |       |       |     1 |     3 |     2 ||     6
Evoke: Wand              |       |       |       |    50 |    50 |    25 ||   125
       Lightning rod     |       |       |       |       |       |     2 ||     2
  Use: Scroll            |       |       |     1 |    14 |    16 |     4 ||    35
       Potion            |       |       |       |       |     3 |     8 ||    11
 Stab: Sleeping          |       |     1 |     4 |     4 |    12 |    13 ||    34
       Paralysed         |       |       |       |       |     2 |       ||     2
       Confused          |       |       |       |       |     1 |     1 ||     2
       Distracted        |       |       |       |       |       |     2 ||     2
  Eat: Chunk             |       |     6 |    14 |    23 |    40 |    31 ||   114
       Ration            |       |     1 |       |       |     1 |     2 ||     4
Armor: Animal skin       |     6 |       |       |       |       |       ||     6
       Leather armour    |       |     8 |       |       |       |       ||     8
       Ring mail         |       |     1 |       |       |   268 |   393 ||   662
       Robe              |       |     8 |    47 |     5 |       |       ||    60
       Chain mail        |       |       |       |   316 |       |       ||   316
       Plate armour      |       |       |       |       |   292 |       ||   292
Dodge: Dodged            |    43 |    67 |    86 |   341 |   471 |   577 ||  1585

Table legend:
 A = Non-vault XP
 B = Vault XP
 C = Vault XP percentage of total XP
 D = Non-vault monster count
 E = Vault monster count
 F = Vault count percentage of total count
                 A         B        C        D         E       F
            +---------+---------+-------+---------+---------+-------
      Total |  187779 |   66965 |  26.3 |     755 |     222 |  22.7
            +---------+---------+-------+---------+---------+-------
        D:1 |      59 |       0 |   0.0 |      27 |       0 |   0.0
        D:2 |      92 |     227 |  71.2 |      20 |       1 |   4.8
        D:3 |     116 |     287 |  71.2 |      17 |       6 |  26.1
        D:4 |     286 |     175 |  38.0 |      10 |       1 |   9.1
        D:5 |     868 |       0 |   0.0 |      22 |       0 |   0.0
        D:6 |     646 |     827 |  56.1 |      10 |       7 |  41.2
        D:7 |     835 |     226 |  21.3 |      10 |       2 |  16.7
        D:8 |    2029 |       0 |   0.0 |      23 |       0 |   0.0
        D:9 |    3091 |     145 |   4.5 |      33 |       2 |   5.7
       D:10 |    2058 |    5045 |  71.0 |      28 |      41 |  59.4
       D:11 |    5284 |     848 |  13.8 |      31 |       3 |   8.8
       D:12 |    6339 |       0 |   0.0 |      30 |       0 |   0.0
       D:13 |   13163 |    2996 |  18.5 |      49 |      10 |  16.9
       D:14 |   12275 |    6150 |  33.4 |      46 |      21 |  31.3
       D:15 |   15409 |    5164 |  25.1 |      39 |      11 |  22.0
     Lair:1 |     694 |     411 |  37.2 |       4 |       5 |  55.6
     Lair:2 |    4468 |     573 |  11.4 |      17 |       3 |  15.0
     Lair:3 |    1391 |    1092 |  44.0 |       5 |       2 |  28.6
     Lair:4 |    6204 |    1129 |  15.4 |      24 |       7 |  22.6
     Lair:5 |    3317 |       0 |   0.0 |      15 |       0 |   0.0
     Lair:6 |   13015 |   10768 |  45.3 |      37 |      51 |  58.0
    Swamp:1 |   16282 |       0 |   0.0 |      39 |       0 |   0.0
    Swamp:2 |    5857 |    1963 |  25.1 |      21 |       1 |   4.5
    Swamp:3 |   14310 |    9054 |  38.8 |      33 |      14 |  29.8
    Swamp:4 |    8081 |   17790 |  68.8 |      23 |      33 |  58.9
   Spider:1 |   13076 |    2095 |  13.8 |      36 |       1 |   2.7
   Spider:2 |   12651 |       0 |   0.0 |      39 |       0 |   0.0
   Spider:3 |   15397 |       0 |   0.0 |      41 |       0 |   0.0
   Spider:4 |   10486 |       0 |   0.0 |      26 |       0 |   0.0
            +---------+---------+-------+---------+---------+-------
